 Dungeon Crawl Stone Soup version 0.30.1-3-gfc49f6343a (webtiles) character file.

Game seed: 17524617048061080568

47 jtron the Grave Robber (level 3, -1/24 HPs)
             Began as a Mummy Necromancer on Aug 7, 2023.
             Killed from afar by Sigmund (10 damage)
             ... with a puff of flame
             ... on level 2 of the Dungeon.
             The game lasted 00:05:21 (1634 turns).

jtron the Grave Robber (Mummy Necromancer)          Turns: 1634, Time: 00:05:23

Health: -1/24      AC:  2    Str: 11    XL:     3   Next: 48%
Magic:  1/7        EV: 12    Int: 16    God:
Gold:   111        SH:  0    Dex: 12    Spells: 7/8 levels left

rFire   x . .        g - +0 dagger (flame)
rCold   + . .        (no shield)
rNeg    + + +        a - +0 robe
rPois   ∞            (no helmet)
rElec   .            (no cloak)
rCorr   .            (no gloves)
SInv    .            (no boots)
Will    .....        (no amulet)
Stlth   ++           (no ring)
HPRegen 0.24/turn    (no ring)
MPRegen 0.10/turn

%: faith
@: very slightly contaminated
A: cold resistance 1, negative energy resistance 3, torment resistance 2, heat
vulnerability 1, in touch with death 1, no potions, faith
a: no special abilities


You were on level 2 of the Dungeon.
You visited 1 branch of the dungeon, and saw 2 of its levels.

You collected 111 gold pieces.

Inventory:

Hand Weapons
 b - a +0 halberd
 c - a +0 spear
 g - a +0 dagger of flaming (weapon)
Missiles
 f - 26 stones (quivered)
Armour
 a - a +0 robe (worn)
Scrolls
 e - a scroll of amnesia


   Skills:
 * Level 0.2 Short Blades
 + Level 1.6 Dodging
 + Level 1.7 Stealth
 + Level 3.4 Spellcasting
 + Level 4.8 Necromancy


You had 7 spell levels left.
You knew the following spells:

 Your Spells              Type           Power      Damage    Failure   Level
a - Necrotise             Necr           100%       1d9       2%          1

Your spell library contained the following spells:

 Spells                   Type           Power      Damage    Failure   Level
 Vampiric Draining        Necr           27%        2d7       8%          3
 Animate Dead             Necr           27%        N/A       24%         4
 Vhi's Electric Charge    Tloc/Air       4%         N/A       47%         3
 Agony                    Necr           27%        N/A       56%         5
 Arcjolt                  Conj/Air       1%         1d11      99%         5
 Maxwell's Capacitive Co  Air            1%         ∞         100%        8


Dungeon Overview and Level Annotations

Branches:
Dungeon (2/15)

Altars:

Annotations:
D:2 Sigmund


Innate Abilities, Weirdness & Mutations

You are immune to poison.
Your flesh is cold resistant. (rC+)
You are immune to negative energy. (rN+++)
You are immune to unholy pain and torment.
You are vulnerable to heat. (rF-)
You are in touch with the powers of death.
You do not drink.
You have a special connection with the divine. (Faith)


Message History

Nothing appears to happen.
You aren't carrying any items that you can evoke.
Casting: Necrotise (safe; 2% risk of failure)
Confirm with . or Enter, or press ? or * to list all spells.
Aiming: Necrotise (safe; 2% risk of failure)
Press: ? - help, Shift-Dir - straight line, f/p - Sigmund
Aim: Sigmund, wielding a +0 scythe and wearing a +0 robe (chance to affect: 88%)
You feel a surge of power!
Sigmund writhes in agony.
Sigmund mumbles some strange words.
Sigmund flickers and vanishes!
Deactivating autopickup; reactivate with Ctrl-A.
Casting: Necrotise (safe; 2% risk of failure)
Confirm with . or Enter, or press ? or * to list all spells.
You can't see any susceptible monsters within range! (Use Z to cast anyway.)
Casting: Necrotise (safe; 2% risk of failure)
Confirm with . or Enter, or press ? or * to list all spells.
Aiming: Necrotise (safe; 2% risk of failure)
Press: ? - help, Shift-Dir - straight line You feel a surge of power!
Something writhes in agony.
Something hits you!
Casting: Necrotise (safe; 2% risk of failure)
Confirm with . or Enter, or press ? or * to list all spells.
Aiming: Necrotise (safe; 2% risk of failure)
Press: ? - help, Shift-Dir - straight line You feel a surge of power!
Something writhes in agony.
Casting: Necrotise (safe; 2% risk of failure)
Confirm with . or Enter, or press ? or * to list all spells.
Aiming: Necrotise (safe; 2% risk of failure)
Press: ? - help, Shift-Dir - straight line You feel a surge of power!
Something writhes in agony.
A magic dart appears from out of thin air!
The magic dart hits you.
Casting: Necrotise (safe; 2% risk of failure)
Confirm with . or Enter, or press ? or * to list all spells.
Aiming: Necrotise (safe; 2% risk of failure)
Press: ? - help, Shift-Dir - straight line You feel a surge of power!
Something writhes in agony.
You hear some strange, mumbled words.
A puff of flame appears from out of thin air!
The puff of flame hits you! The fire burns you terribly!
You die...

#...# #...# ########
..<.########## #.)....#
#...#........# #......#
#...#........# #......#
##.##........# #......#
#...#........# #..{...#
#............###......#
.............##.@#
....#........#...#
....#.......##..##
#...............#
##..#........##.#
##..#........#..#
....###..###.#.##
#........###...##
##..###.........#


There were no monsters in sight!

Vanquished Creatures
  A gnoll (D:1)
  A worm (D:2)
  3 bats
  4 endoplasms
  4 giant cockroaches
  3 goblins
  2 hobgoblins (D:2)
  2 jackals (D:1)
  4 ball pythons
  3 frilled lizards (D:1)
  2 kobolds
  4 rats
33 creatures vanquished.

Notes
Turn   | Place    | Note
-------+----------+-------------------------------------------
     0 | D:1      | jtron the Mummy Necromancer began the quest for the Orb.
     0 | D:1      | Reached XP level 1. HP: 13/13 MP: 4/4
   268 | D:1      | Reached XP level 2. HP: 16/19 MP: 0/5
   847 | D:1      | Gained mutation: You are in touch with the powers of death.
                  | [Mummy growth]
   847 | D:1      | Reached XP level 3. HP: 24/24 MP: 1/7
  1601 | D:2      | Noticed Sigmund
  1634 | D:2      | Killed from afar by Sigmund

Illustrated notes

Levels and vault maps discovered:
D:1:      minmay_arrival_plants_in_alcoves, layout_basic
D:2:      layout_rooms, serial_bayou_ford_a, uniq_sigmund

Skill      XL: |  1  2 |
---------------+-------+-----
Spellcasting   | 3 |  3.4
Short Blades   | |  0.2
Dodging        | |  1.6
Stealth        | |  1.7
Necromancy     | |  4.8

Action                     || total
---------------------------++-------
  Melee: Dagger            ||    33
  Throw: Stone             ||     8
   Cast: Necrotise         ||    58
    Use: Scroll            ||     3
 Armour: Robe              ||    10
  Dodge: Dodged            ||    34
